Map: Winter's Gate LE

Players

Mez

  • Race: Terran Terran
  • League: Master
  • Spawn Location: 11:00

MiniPold - Winner!

  • Race: Terran Terran
  • League: Master
  • Spawn Location: 5:00

VOD

Have the link to the VOD?

Description

Time

  • Played on: Sept. 2, 2019, 6:43 a.m.
  • Length: 21:21
Show
View Real Time Build Order
Export as new Build Order

Mez Terran 

Build Orders: Liberator Opening 

Get SALT Encoding   

  12  0:00  SCV  
  13  0:13  SCV  
  14  0:18  Supply Depot  
  14  0:25  SCV  
  15  0:28  Refinery  
  15  0:39  SCV  
  16  0:45  Barracks  
  16  0:51  SCV  
  17  1:03  SCV  
  18  1:15  SCV  
  20  1:32  Orbital Command, Reaper  
  20  1:51  Bunker  
  20  1:53  Supply Depot  
  20  1:55  Factory  
  20  2:03  SCV  
  20  2:04  Marine  
  22  2:15  SCV, Refinery  
  23  2:25  Marine  
  23  2:27  SCV  
  25  2:39  Hellion  
  27  2:47  Starport  
  27  2:49  Marine  
  28  2:51  SCV  
  28  2:57  Supply Depot  
  29  3:03  SCV  
  30  3:07  Liberator  
  30  3:17  Barracks Reactor  
  30  3:19  Factory Tech Lab  
  33  3:32  SCV  
  32  3:44  SCV  
  32  3:46  Cyclone  
  31  4:03  Command Center  
  27  4:33  SCV  
  28  4:41  Cyclone  
  31  4:47  Marine x2  
  31  4:49  SCV  
  34  5:04  Marine, SCV  
  34  5:05  Marine  
  34  5:16  Cyclone, SCV, Orbital Command  
  38  5:30  Marine x2  
  38  5:32  SCV  
  28  6:01  Orbital Command  
  28  6:03  SCV  
  29  6:06  Marine x2, Cyclone  
  35  6:15  SCV, Engineering Bay  
  35  6:20  Starport Tech Lab  
  35  6:24  Marine x2  
  37  6:27  SCV  
  38  6:38  Raven  
  40  6:40  SCV x2  
  42  6:52  Cyclone, SCV  
  46  6:56  SCV  
  46  7:00  Missile Turret  
  47  7:04  SCV  
  47  7:05  Missile Turret  
  48  7:09  SCV  
  49  7:16  SCV  
  47  7:29  Cyclone  
  47  7:31  Raven  
  47  7:33  SCV x2  
  47  7:34  Marine x2  
  53  7:38  Refinery  
  53  7:43  Command Center  
  53  7:45  SCV  
  54  7:53  Barracks x2  
  54  8:00  SCV x2  
  45  8:17  Cyclone  
  47  8:26  SCV x2  
  47  8:36  Refinery, Viking  
  47  8:37  Viking  
  47  8:38  SCV x2, Stimpack  
  47  8:41  Barracks Reactor  
  53  8:46  Marine, Barracks Reactor  
  52  8:50  SCV x2  
  52  8:51  Supply Depot  
  52  8:52  Supply Depot  
  54  8:57  Orbital Command  
  54  9:02  SCV x2  
  56  9:07  Siege Tank  
  59  9:10  Terran Infantry Weapons Level 1  
  59  9:14  SCV x2  
  59  9:16  Supply Depot  
  61  9:17  Marine, Orbital Command  
  61  9:18  Marine x2  
  61  9:19  Supply Depot  
  61  9:21  Viking  
  66  9:26  SCV x2  
  68  9:33  Marine x2  
  70  9:38  SCV x2  
  70  9:44  SCV  
  73  9:50  SCV x2  
  73  9:53  Viking x2  
  73  9:55  Marine x5  
  73  9:56  SCV  
  72  10:08  SCV x2  
  72  10:14  Missile Turret  
  72  10:17  Marine x3  
  72  10:18  Marine  
  72  10:19  Siege Tank  
  79  10:22  SCV x3  
  79  10:24  Barracks, Missile Turret  
  79  10:25  Barracks, Combat Shield  
  79  10:26  Marine  
  83  10:33  Supply Depot  
  83  10:34  SCV x3  
  83  10:35  Marine x3  
  87  10:37  Viking x2  
  93  10:43  Marine  
  93  10:44  Marine  
  93  10:46  SCV x3  
  93  10:49  Refinery  
  98  10:50  Refinery  
  98  10:51  Siege Tank  
  98  10:54  Marine  
  102  10:58  SCV x2  
  102  11:02  Supply Depot  
  102  11:04  Terran Infantry Armor Level 1, Starport  
  104  11:07  SCV  
  104  11:10  SCV  
  106  11:15  Command Center  
  106  11:17  Marine  
  106  11:18  Barracks Tech Lab x2  
  107  11:19  Marauder  
  107  11:23  Marine x3  
  107  11:24  Viking x2  
  116  11:42  Concussive Shells  
  116  11:44  Starport Reactor  
  116  11:47  SCV  
  116  11:51  Starport  
  116  11:53  Supply Depot x2  
  116  11:54  Supply Depot x2  
  117  11:57  SCV  
  117  12:14  SCV x2, Marauder x2, Viking x2  
  127  12:22  Marine x2, Marauder  
  123  12:36  Marauder x2  
  123  12:38  Liberator x3  
  123  12:39  Liberator  
  123  12:40  Marine x2  
  123  12:44  Marauder  
  103  12:52  Marine, Siege Tank  
  103  12:53  Marine  
  103  12:54  Starport Tech Lab  
  103  12:57  Marauder x2  
  124  13:05  Marauder  
  120  13:19  Marauder  
  116  13:23  Medivac  
  114  13:33  Liberator x3  
  109  13:38  Medivac  
  109  13:39  Marine x3, Marauder x2  
  109  13:57  Fusion Core  
  109  14:01  Marine, Marauder x2  
  103  14:03  Liberator x2  
  103  14:08  Orbital Command  
  100  14:10  Marine x2, Marauder  
  100  14:11  SCV  
  100  14:12  SCV x2  
  100  14:23  Marauder x2  
  108  14:34  SCV x3  
  108  14:35  Planetary Fortress  
  108  14:36  Refinery  
  108  14:38  Refinery  
  108  14:47  SCV x2  
  108  14:48  SCV  
  108  14:49  Refinery  
  108  14:51  Refinery  
  111  15:00  Advanced Ballistics  
  111  15:02  Marine x3  
  111  15:04  Marauder x2  
  118  15:13  Marine, Siege Tank  
  118  15:14  Marauder  
  124  15:17  SCV x2  
  124  15:20  Marine x2  
  124  15:21  Barracks x2  
  128  15:23  SCV x2, Barracks  
  128  15:24  Command Center  
  128  15:26  Viking  
  132  15:30  Missile Turret  
  116  15:48  Marine x7  
  119  15:50  Viking x2  
  119  15:51  Viking x2  
  122  15:59  SCV  
  122  16:00  SCV x3  
  120  16:06  Marine x3  
  120  16:08  Missile Turret  
  119  16:12  SCV x4  
  121  16:23  Barracks Tech Lab x3  
  121  16:24  Marine x3, SCV x4, Marauder x2  
  121  16:25  Marine, Marauder  
  135  16:36  SCV  
  135  16:38  Missile Turret x2  
  130  16:42  Marine, Missile Turret  
  120  16:52  Liberator x4  
  115  16:55  Missile Turret  
  115  16:57  Missile Turret  
  115  17:01  Marine x2, Marauder x5  
  112  17:03  SCV x2  
  112  17:04  SCV x2  
  113  17:15  SCV  
  113  17:16  SCV x3  
  116  17:23  Armory  
  116  17:28  SCV x4  
  118  17:31  Orbital Command  
  117  17:40  SCV x2  
  106  17:58  SCV x2  
  106  17:59  SCV x3  
  110  18:07  Missile Turret  
  110  18:08  Missile Turret  
  110  18:10  SCV, Missile Turret  
  110  18:11  SCV x2, Missile Turret  
  113  18:23  Marauder x3  
  113  18:24  Marauder x3  
  117  18:46  Liberator x4  
  117  18:47  Siege Tank  
  117  18:48  Marine x2, Marauder x3  
  121  19:04  Marine x2, Marauder x3  
  121  19:06  Marine x2  
  143  19:16  Marine  
  143  19:17  Marine x2  
  143  19:20  Viking  
  89  19:40  Marine x4, Marauder  
  89  19:41  Marauder  
  75  19:46  SCV, Viking  
  58  20:01  Marine  
  46  20:14  SCV  
  41  20:26  Viking  
  43  20:31  SCV  
  43  20:41  Viking  
  37  20:54  SCV x3  
  36  21:06  SCV x2  
Show
View Real Time Build Order
Export as new Build Order

MiniPold Terran - Winner!

Build Orders: 1/1/1, Cyclone Opening, Mech 

Get SALT Encoding   

  12  0:00  SCV  
  13  0:15  Supply Depot  
  13  0:28  SCV  
  14  0:40  Barracks  
  14  0:42  Refinery  
  14  0:44  SCV  
  15  0:59  SCV  
  15  1:03  Refinery  
  16  1:13  SCV  
  17  1:25  SCV  
  18  1:26  Marine  
  19  1:36  Factory  
  19  1:37  SCV  
  20  1:54  Orbital Command  
  20  2:11  Supply Depot  
  20  2:19  Factory Tech Lab  
  20  2:21  Starport  
  20  2:24  SCV  
  21  2:37  Cyclone  
  21  2:38  SCV  
  21  2:40  Liberator  
  28  2:59  SCV  
  29  3:06  Supply Depot  
  29  3:11  SCV  
  30  3:23  SCV  
  30  3:25  Fusion Core  
  31  3:42  Command Center  
  31  3:47  Starport Tech Lab  
  31  4:04  SCV  
  32  4:16  SCV  
  33  4:18  Battlecruiser  
  36  4:28  SCV  
  30  5:12  Orbital Command, Refinery  
  30  5:18  Refinery  
  30  5:22  SCV  
  31  5:34  SCV  
  32  5:46  SCV  
  33  5:59  SCV  
  34  6:11  SCV, Weapon Refit  
  35  6:22  Siege Tank  
  35  6:23  SCV  
  39  6:25  SCV  
  40  6:35  SCV  
  41  6:43  SCV  
  42  6:47  SCV  
  42  6:53  Starport  
  43  6:55  Barracks, SCV  
  43  6:57  Siege Tank  
  43  6:59  SCV  
  48  7:07  SCV  
  49  7:11  SCV  
  49  7:13  Command Center  
  50  7:19  SCV  
  48  7:23  SCV  
  49  7:31  Starport Tech Lab  
  49  7:35  SCV  
  50  7:41  Siege Tank  
  53  7:45  Factory  
  53  7:48  SCV  
  53  7:49  Factory  
  54  8:06  SCV  
  52  8:18  SCV  
  53  8:27  Battlecruiser  
  53  8:30  SCV, Factory Reactor  
  58  8:42  SCV  
  59  8:50  Marine  
  59  8:54  SCV  
  61  8:57  Supply Depot  
  61  9:00  Siege Tank  
  61  9:01  Supply Depot  
  64  9:03  Armory  
  64  9:06  Armory  
  64  9:08  Marine, SCV  
  64  9:09  Armory  
  66  9:13  Hellion  
  66  9:14  Factory Tech Lab  
  68  9:19  SCV, Hellion  
  68  9:20  SCV, Supply Depot  
  72  9:30  Factory  
  73  9:31  SCV  
  73  9:32  SCV, Hellion  
  73  9:37  Factory  
  76  9:38  Factory  
  76  9:39  Raven  
  76  9:44  SCV  
  79  9:56  SCV  
  80  10:11  Terran Ship Weapons Level 1, Terran Vehicle And Ship Armor Level 1, Terran Vehicle Weapons Level 1  
  80  10:17  SCV  
  80  10:18  SCV  
  82  10:28  Supply Depot  
  82  10:29  SCV  
  82  10:31  Supply Depot  
  82  10:32  Supply Depot  
  82  10:33  Supply Depot, Orbital Command  
  82  10:34  SCV  
  84  10:36  Command Center  
  84  10:38  Hellbat x2  
  88  10:43  Command Center  
  88  10:46  SCV  
  88  10:49  Thor, Factory Reactor  
  95  10:50  Factory Tech Lab  
  95  10:51  Factory Tech Lab  
  95  10:57  Hellion  
  95  10:58  Viking  
  95  10:59  SCV, Hellion  
  95  11:00  SCV, Hellion  
  95  11:02  SCV  
  106  11:10  Refinery  
  106  11:11  SCV  
  107  11:13  SCV  
  107  11:14  SCV, Refinery  
  109  11:19  Siege Tank  
  109  11:21  Hellbat, Engineering Bay  
  109  11:22  Hellbat x3  
  109  11:23  SCV  
  109  11:25  SCV  
  122  11:26  Infernal Pre-Igniter  
  122  11:28  Supply Depot  
  122  11:32  Supply Depot  
  122  11:36  SCV  
  122  11:37  SCV  
  124  11:48  SCV, Hellion, Widow Mine x6  
  124  11:49  SCV  
  124  11:51  Supply Depot, Widow Mine  
  124  11:53  Supply Depot  
  142  11:58  Supply Depot  
  142  12:01  SCV, Medivac  
  143  12:03  Supply Depot  
  143  12:04  Orbital Command  
  140  12:55  Hellbat x2  
  140  12:56  Hellbat x5  
  140  12:57  SCV  
  151  12:59  SCV x2  
  140  13:09  SCV  
  141  13:16  Command Center  
  101  14:12  Battlecruiser  
  101  14:13  Hellbat x3  
  94  14:42  Hellion, Hellbat  
  94  14:43  Hellion x4, Hellbat x2  
  106  14:47  Refinery  
  106  14:48  Refinery  
  104  14:52  Terran Vehicle Weapons Level 2  
  104  14:53  Terran Vehicle And Ship Armor Level 2, Terran Ship Weapons Level 2  
  104  14:54  Starport  
  104  14:56  Starport  
  104  15:00  Planetary Fortress  
  104  15:04  Hellion x7  
  116  15:11  Siege Tank, Missile Turret  
  115  15:16  Battlecruiser  
  115  15:17  Hellion x5  
  121  15:25  Siege Tank x2  
  123  15:31  Hellion x4, Missile Turret  
  123  15:32  Hellion  
  127  15:44  Hellion  
  127  15:52  Hellion  
  127  15:53  Hellion, Hellbat x3  
  127  15:54  Hellion x15  
  137  15:58  Hellion x2, Starport Tech Lab  
  137  16:02  Starport Tech Lab  
  141  16:05  Hellion  
  141  16:06  SCV  
  144  16:14  Hellbat x5  
  144  16:17  Drilling Claws  
  144  16:18  Mag-Field Accelerator, SCV, Smart Servos  
  148  16:19  Hellbat  
  148  16:21  Refinery x2, Battlecruiser  
  148  16:24  Missile Turret  
  157  16:26  Missile Turret  
  157  16:28  Missile Turret  
  157  16:30  SCV  
  148  16:57  Hellion x3  
  126  17:12  Hellion x2  
  126  17:14  Hellion x5  
  122  17:42  Hellion x7  
  118  17:50  Widow Mine x2  
  118  17:51  Widow Mine x6  
  126  17:56  Battlecruiser x2  
  132  18:07  SCV  
  132  18:11  Battlecruiser  
  132  18:12  Hellion x5  
  149  18:14  Terran Vehicle And Ship Armor Level 3, Terran Vehicle Weapons Level 3  
  149  18:15  Terran Ship Weapons Level 3  
  137  18:37  Siege Tank x3  
  137  18:38  Siege Tank  
  147  18:47  Hellion x10  
  139  19:00  Battlecruiser x2  
  129  19:31  Widow Mine x3  
  123  19:52  Battlecruiser  
  126  19:53  Hellion, Hellbat  
  126  19:54  Hellion x2, Hellbat x4  
  126  20:09  Battlecruiser x2  
  126  20:12  Hellion x8  
  132  20:15  Hellbat x6  
  138  20:27  Hellbat x2  
  138  20:28  SCV  
  141  20:36  Hellbat  
  141  20:40  SCV  
Tags
 
Add a new tag
Caveats
  • Supply blocks, unpowered buildings, or Contaminate may cause inaccurate times.
  • Supply counts are checked every 10 seconds.